 Dungeon Crawl Stone Soup version 0.18.1-1-g2f07953 (webtiles) character file.

74 Eucla the Conjurer (level 4, -1/27 HPs)
             Began as an Octopode Conjurer on May 8, 2016.
             Slain by Crazy Yiuf
             ... wielding a +2 quarterstaff of chaos
              (3 damage)
             ... on level 2 of the Dungeon.
             The game lasted 00:02:42 (1184 turns).

Eucla the Conjurer (Octopode Conjurer)              Turns: 1184, Time: 00:02:43

Health: -1/27      AC:  3    Str: 12    XL:     4   Next: 28%
Magic:  8/8        EV: 15    Int: 18    God:
Gold:   136        SH:  0    Dex: 12    Spells: 1 memorised, 7 levels left

rFire  . . .     SeeInvis +     l - +0 short sword (holy)
rCold  . . .     Gourm    .     (no shield)
rNeg   . . .     Faith    .     k - +2 hat
rPois  .         Spirit   .     (no amulet)
rElec  .         Dismiss  .     j - +3 ring of evasion
rCorr  .         Reflect  .     m - +5 ring of strength
SustAt .         Harm     .     q - ring of see invisible
MR     .....                    (no ring)
Stlth  +++.......               (no ring)
                                (no ring)
                                (no ring)
                                (no ring)

@: lethally poisoned (-1 -> -10), very slightly contaminated, invisible, not
resistant to hostile enchantments, fairly stealthy
A: almost no armour, amphibious, 8 rings, constrict 8, camouflage 1, gelatinous
body 1
a: no special abilities


You were on level 2 of the Dungeon.
You were not hungry.

You visited 1 branch of the dungeon, and saw 2 of its levels.

You collected 136 gold pieces.

Inventory:

Hand Weapons
 l - a +0 short sword of holy wrath (weapon)
Armour
 k - a +2 hat (worn)
Jewellery
 j - a +3 ring of evasion (left tentacle)
 m - a +5 ring of strength (right tentacle)
 q - a ring of see invisible (on tentacle)
Wands
 p - a wand of paralysis (11/24)
Scrolls
 c - a scroll of magic mapping {unknown}
 d - a scroll of random uselessness {unknown}
 e - 2 scrolls of enchant weapon {unknown}
 f - a scroll of recharging {unknown}
 g - 3 scrolls of identify {unknown}
 h - 2 scrolls of remove curse {unknown}
 r - a scroll of blinking {unknown}
 s - a scroll of teleportation {unknown}
Potions
 o - 2 potions of haste {unknown}
Books
 a - a book of Conjurations

   Spells                             Type                      Level
   a - Magic Dart                     Conjuration                  1
   b - Searing Ray                    Conjuration                  2
   c - Dazzling Spray                 Conjuration/Hexes            3
   d - Fulminant Prism                Conjuration/Hexes            4
   e - Iskenderun's Mystic Blast      Conjuration                  4
   f - Iskenderun's Battlesphere      Conjuration/Charms           5
Comestibles
 b - 4 bread rations
 i - a meat ration


   Skills:
 - Level 2.0 Dodging
 - Level 2.6 Stealth
 + Level 2.7 Spellcasting
 * Level 5.2 Conjurations


You had 7 spell levels left.
You knew the following spells:

 Your Spells              Type           Power        Failure   Level  Hunger
a - Magic Dart            Conj           ###.         1%          1    None


Dungeon Overview and Level Annotations

Branches:
Dungeon (2/15)

Altars:

Annotations:
D:2 Crazy Yiuf


Innate Abilities, Weirdness & Mutations

You cannot wear most types of armour.
You are amphibious.
You can wear up to eight rings at the same time.
You can use your tentacles to constrict eight enemies at once.
Your skin changes colour to match your surroundings (Stealth).
Your rubbery body absorbs attacks (AC +1).


Message History

Unknown command.
Drink which item? (? for menu, Esc to quit)
It was a potion of ambrosia.
You are confused.
You feel invigorated.
* * * LOW HITPOINT WARNING * * *
You feel sick.
Unknown command.
You're too confused to attack without stumbling around!
You bump into the rock wall.
You feel sick. Crazy Yiuf closely misses you.
Unknown command.
You barely miss Crazy Yiuf.
Crazy Yiuf is severely wounded.
You feel less invigorated.
You feel less confused.
You feel sick.
Crazy Yiuf hits you with a quarterstaff of chaos!
* * * LOW HITPOINT WARNING * * *
Crazy Yiuf burns you.
You die...

###.....#.......#
########## #
##.######.....# #
#.# #.....# # #.#
#.....# # ##.#
####### # #..#
###.## ########
.....## ###
###.#....##
###...##
#...##@.#......##
....#..##
#....g####......#
...###..# #)..###
##.....# .###
#### ### ####..#
.######## #.##
........# #.#
.###..#########
##.#
#####.###.....#
#..#
.##...##...#.#
#.##


You could see Crazy Yiuf (wandering).

Vanquished Creatures
  Ijyb (D:2)
  2 adders (D:2)
  6 bats
  A giant cockroach (D:2)
  10 goblins (D:2)
  A hobgoblin (D:1)
  3 jackals (D:2)
  2 kobolds (D:1)
  A giant newt (D:2)
  2 rats (D:1)
29 creatures vanquished.

Notes
Turn   | Place    | Note
--------------------------------------------------------------
     0 | D:1      | Eucla the Octopode Conjurer began the quest for the Orb.
     0 | D:1      | Reached XP level 1. HP: 11/11 MP: 3/3
   299 | D:1      | Reached XP level 2. HP: 17/17 MP: 3/5
   677 | D:1      | You fall through a shaft!
   761 | D:2      | Reached XP level 3. HP: 21/21 MP: 3/6
   844 | D:2      | Noticed Ijyb
   953 | D:2      | Paralysed by Ijyb for 2 turns
   966 | D:2      | Paralysed by Ijyb for 5 turns
   989 | D:2      | Paralysed by Ijyb for 2 turns
   996 | D:2      | Killed Ijyb
   996 | D:2      | Reached skill level 5 in Conjurations
   996 | D:2      | Reached XP level 4. HP: 16/27 MP: 1/8
  1172 | D:2      | Noticed Crazy Yiuf
  1184 | D:2      | Slain by Crazy Yiuf

Skill      XL: |  1  2  3 |
---------------+----------+-----
Conjurations   | 5 |  5.2
Dodging        | |  2.0
Stealth        | |  2.6
Spellcasting   | |  2.7

Action                   |  1- 3 |  4- 6 || total
-------------------------+-------+-------++-------
Melee: Unarmed           |     4 |       ||     4
       Constrict         |     6 |       ||     6
       Tentacles         |     3 |       ||     3
       Short sword       |    19 |     1 ||    20
 Cast: Magic Dart        |    41 |    13 ||    54
  Use: Potion            |       |     2 ||     2
  Eat: Chunk             |       |     1 ||     1
Armor: Skin              |     3 |       ||     3
Dodge: Dodged            |    27 |     6 ||    33
